 Dungeon Crawl Stone Soup version 0.29.1-2-gbd0b4ee654 (webtiles) character file.

Game seed: 5669887352775132681

287 Firos the Magician (level 6, -2/32 HPs)
             Began as a Deep Elf Fire Elementalist on Nov 9, 2022.
             Slain by a gnoll
             ... wielding a +0 club
             ... led by a gnoll bouda
              (4 damage)
             ... on level 3 of the Dungeon.
             The game lasted 00:08:05 (2029 turns).

Firos the Magician (Deep Elf Fire Elementalist)     Turns: 2029, Time: 00:08:06

Health: -2/32      AC:  5    Str:  5    XL:     6   Next: 8%
Magic:  1/15       EV: 11    Int: 22    God:
Gold:   83         SH:  0    Dex: 15    Spells: 5/14 levels left

rFire   . . .      SeeInvis .   i - staff of conjuration
rCold   . . .      Faith    .   (no shield)
rNeg    + . .      Spirit   .   h - +0 leather armour
rPois   .          Reflect  .   (no helmet)
rElec   .          Harm     .   (no cloak)
rCorr   .          Rampage  .   e - +1 pair of gloves
Will    .....                   (no boots)
Stlth   ++........              (no amulet)
HPRegen 0.10/turn               c - ring of positive energy
MPRegen 0.14/turn               (no ring)

@: mighty, hasted, very quick
A: no striking features
a: no special abilities


You were on level 3 of the Dungeon.
You visited 1 branch of the dungeon, and saw 3 of its levels.

You collected 83 gold pieces.

Inventory:

Armour
 e - a +1 pair of gloves (worn)
 g - the +5 robe of Reethrosa {rElec rN+ rCorr Str-5}
   (You found it on level 2 of the Dungeon)

   Str:       It affects your strength (-5).
   rElec:     It insulates you from electricity.
   rN:        It protects you from negative energy.
   rCorr:     It protects you from acid and corrosion.
 h - a +0 leather armour (worn)
 j - a +0 kite shield
Magical Staves
 i - a staff of conjuration (weapon)
Jewellery
 c - a ring of positive energy (left hand)
Scrolls
 a - a scroll of identify
 m - a scroll of enchant armour
Potions
 b - a potion of magic
 f - a potion of berserk rage
 l - a potion of curing {unknown}


   Skills:
 - Level 2.4 Dodging
 - Level 2.4 Stealth
 + Level 4.9 Spellcasting
 * Level 4.8 Conjurations
 + Level 4.6 Fire Magic


You had 5 spell levels left.
You knew the following spells:

 Your Spells              Type           Power      Damage    Failure   Level
a - Foxfire               Conj/Fire      100%       2x1d9     2%          1
b - Scorch                Fire           52%        2d8       3%          2
c - Conjure Flame         Conj/Fire      39%        6-21      7%          3
d - Inner Flame           Hex/Fire       15%        N/A       21%         3

Your spell library contained the following spells:

 Spells                   Type           Power      Damage    Failure   Level
 Sandblast                Erth           10%        2d5       17%         1
 Stone Arrow              Conj/Erth      48%        3d10      19%         3
 Flame Wave               Conj/Fire      39%        2d11      24%         4
 Ensorcelled Hibernation  Hex/Ice        10%        N/A       26%         2
 Passwall                 Tmut/Erth      4%         N/A       26%         2
 Spider Form              Tmut/Pois      5%         N/A       45%         3
 Anguish                  Hex/Necr       2%         N/A       86%         4
 Freezing Cloud           Conj/Ice/Air   9%         6-21      94%         5
 Simulacrum               Ice/Necr       2%         N/A       100%        6
 Polar Vortex             Ice            2%         N/A       100%        9


Dungeon Overview and Level Annotations

Branches:
Dungeon (3/15)

Altars:
Makhleb

Shops:
D:1 ?(*

Annotations:
D:3 Ijyb


Message History

Flames lash the gnoll.
You kill the gnoll!
The gnoll hits you with a +0 whip!
Casting: Scorch (safe; 3% risk of failure)
Confirm with . or Enter, or press ? or * to list all spells.
Flames lash the gnoll.
The gnoll is almost dead.
The gnoll's fire resistance burns away.
The gnoll hits you with a +0 whip.
Casting: Scorch (safe; 3% risk of failure)
Confirm with . or Enter, or press ? or * to list all spells.
Flames lash the gnoll.
You kill the gnoll!
Casting: Scorch (safe; 3% risk of failure)
Confirm with . or Enter, or press ? or * to list all spells.
Flames lash Ijyb.
Ijyb is lightly wounded.
Ijyb's fire resistance burns away.
The gnoll hits you with a +0 club.
* * * LOW HITPOINT WARNING * * *
It was a potion of might.
You feel very mighty all of a sudden. The gnoll barely misses you.
Okay, then.
Casting: Scorch (safe; 3% risk of failure)
Confirm with . or Enter, or press ? or * to list all spells.
Flames lash the gnoll.
The gnoll is severely wounded.
The gnoll's fire resistance burns away.
Ijyb is no longer more vulnerable to fire.
A gnoll bouda comes into view. It is wielding a +0 club.
The gnoll hits you with a +0 club.
* * * LOW HITPOINT WARNING * * *
As you read the scroll labelled ULEEREIKIO, it crumbles to dust.
It is a scroll of identify.
f - a potion of berserk rage The gnoll hits you but does no damage.
It was a potion of haste.
You feel yourself speed up.
The gnoll bouda barks out a call to the hunt!
The gnoll picks up the pace!
The gnoll hits you with a +0 club.
You die...

#####.#.#
......
#.......#
##......
#.......#
..g.....
#.......#
......
#.......#
#....
#.......# #).#
#.......###.†#
#.......g@gg.#
#.......###.##
###.....# ###
######.###
#........#
#........##
#......)..#
#.........##
............#


You could see Ijyb, a gnoll bouda and a gnoll (swift, combustible).

Vanquished Creatures
  Grinder (D:3)
  3 gnolls (D:3)
  3 adders (D:2)
  A worm (D:2)
  A dart slug (D:1)
  2 endoplasms
  2 giant cockroaches
  3 goblins
  2 hobgoblins (D:2)
  3 kobolds
  8 ball pythons
  3 bats
  4 frilled lizards
  8 rats
44 creatures vanquished.

Vanquished Creatures (others)
  89 foxfires
89 creatures vanquished.

Grand Total: 133 creatures vanquished

Notes
Turn   | Place    | Note
-------+----------+-------------------------------------------
     0 | D:1      | Firos the Deep Elf Fire Elementalist began the quest for
                  | the Orb.
     0 | D:1      | Reached XP level 1. HP: 10/10 MP: 6/6
    36 | D:1      | Found Xangein's Weapon Shop.
    49 | D:1      | Found Myptamucae's Magic Scroll Boutique.
   358 | D:1      | Found Orimiv's Assorted Antiques.
   425 | D:1      | Reached XP level 2. HP: 15/15 MP: 4/8
   428 | D:1      | Learned a level 2 spell: Scorch
   838 | D:2      | Identified the +5 robe of Reethrosa {rElec rN+ rCorr Str-5}
   878 | D:2      | Found a burning altar of Makhleb.
  1021 | D:2      | Reached XP level 3. HP: 19/19 MP: 8/10
  1025 | D:2      | Learned a level 3 spell: Conjure Flame
  1851 | D:3      | Reached XP level 4. HP: 24/24 MP: 7/11
  1855 | D:3      | Learned a level 3 spell: Inner Flame
  1895 | D:3      | Noticed Grinder
  1899 | D:3      | Killed Grinder
  1900 | D:3      | Reached XP level 5. HP: 28/28 MP: 7/14
  2017 | D:3      | Reached XP level 6. HP: 32/32 MP: 12/15
  2019 | D:3      | Noticed Ijyb
  2029 | D:3      | Slain by a gnoll

Illustrated notes

Levels and vault maps discovered:
D:1:      erik_arrival_orb_chamber, layout_rooms, serial_shops, shop,
          nicolae_shop_statue_plus, shop, dreamdust_princess_bridge,
          minmay_misc_feat_rugged, nicolae_kite_square_tiling_tiny,
          corexii_leaking_fountain, nrook_mini_vaults, minmay_liquid_box
D:2:      minmay_recursive_quarters, layout_loops_ring, basic_altar
D:3:      layout_basic, uniq_natasha, uniq_grinder, uniq_ijyb,
          uniq_crazy_yiuf_cottage

Skill      XL: |  1  2  3  4 |
---------------+-------------+-----
Conjurations   | 2 3 4 |  4.8
Spellcasting   | 4 |  4.9
Fire Magic     | 4 |  4.6
Dodging        | |  2.4
Stealth        | |  2.4

Action                   |  1- 3 |  4- 6 || total
-------------------------+-------+-------++-------
Melee: Unarmed           |     9 |       ||     9
 Cast: Foxfire           |    48 |    12 ||    60
       Scorch            |     9 |     6 ||    15
  Use: Scroll            |     1 |     1 ||     2
       Potion            |       |     2 ||     2
Armor: Robe              |     3 |       ||     3
       Leather armour    |       |     1 ||     1
Dodge: Dodged            |    12 |     2 ||    14
